 Dungeon Crawl Stone Soup version 0.23.0-3-gf3c87f2 (webtiles) character file.

Game seed: 11176318803602887359

4195 poirepourri the Severer (level 10, 0/81 HPs)
             Began as a Minotaur Fighter on Feb 24, 2019.
             Was an Elder of Okawaru.
             Slain by an unseen horror (5 damage)
             ... on level 9 of the Dungeon.
             The game lasted 00:07:31 (8014 turns).

poirepourri the Severer (Minotaur Fighter)          Turns: 8014, Time: 00:07:32

Health: 0/81       AC: 11    Str: 21    XL:     10   Next: 8%
Magic:  9/9        EV:  7    Int:  5    God:    Okawaru [****..]
Gold:   408        SH:  0    Dex: 13    Spells: 9/9 levels left

rFire    . . .     SeeInvis .   a - +2 war axe
rCold    . . .     Gourm    .   c - +1 shield
rNeg     . . .     Faith    .   b - +0 scale mail
rPois    .         Spirit   .   (helmet restricted)
rElec    .         Reflect  .   j - +2 cloak {MR+}
rCorr    .         Harm     .   (no gloves)
MR       +....                  q - +0 pair of boots
Stlth    ..........             u - amulet of rage
HPRegen  0.23/turn              (no ring)
MPRegen  0.11/turn              (no ring)

@: confused
A: retaliatory headbutt, horns 2
a: Heroism, Renounce Religion, Evoke Berserk Rage


You were on level 9 of the Dungeon.
You worshipped Okawaru.
Okawaru was greatly pleased with you.
You were not hungry.

You visited 2 branches of the dungeon, and saw 10 of its levels.

You collected 408 gold pieces.

Inventory:

Hand Weapons
 a - a +2 war axe (weapon)
 p - a +0 hand axe of chopping
Missiles
 e - 4 tomahawks (quivered)
 C - 8 poisoned javelins
Armour
 b - a +0 scale mail (worn)
 c - a +1 shield (worn)
 j - a +2 cloak of magic resistance (worn)
 q - a +0 pair of boots (worn)
Jewellery
 u - an amulet of rage (around neck)
Wands
 l - a wand of iceblast (11)
 n - a wand of clouds (7)
 B - a wand of flame (25)
Scrolls
 d - a scroll of fear
 h - 6 scrolls of teleportation
 x - a scroll of identify
 y - 2 scrolls of remove curse
 A - a scroll of blinking
Potions
 i - 3 potions of flight
 k - 3 potions of lignification
 m - 3 potions of cancellation
 o - 2 potions of mutation
 r - a potion of resistance
 s - a potion of magic
 t - 2 potions of ambrosia
 v - a potion of agility
Comestibles
 f - 4 rations


   Skills:
 + Level 5.4 Fighting
 - Level 16.0 Axes
 - Level 3.6 Armour
 - Level 3.6 Shields


You had 9 spell levels left.
You didn't know any spells.
Your spell library contained the following spells:

 Spells                   Type           Power        Failure   Level  Hunger
 Confusing Touch          Hex            #.....       99%         1    ##.....
 Magic Dart               Conj           #...         99%         1    ##.....
 Blink                    Tloc           N/A          100%        2    ###....
 Call Imp                 Summ           #.......     100%        2    ###....
 Slow                     Hex            #.......     100%        2    ###....
 Confuse                  Hex            #.......     100%        3    ####...
 Conjure Flame            Conj/Fire      #.......     100%        3    ####...
 Gell's Gravitas          Tloc           #.........   100%        3    ####...
 Mephitic Cloud           Conj/Pois/Air  #.......     100%        3    ####...
 Petrify                  Tmut/Erth      #.......     100%        4    #####..
 Metabolic Englaciation   Hex/Ice        #.........   100%        5    ######.
 Yara's Violent Unravell  Hex/Tmut       #.........   100%        5    ######.


Dungeon Overview and Level Annotations

Branches:
Dungeon (9/15)             Temple (1/1) D:4
   Lair: D:8-11         Orc: D:9-12

Altars:
Ashenzari
Cheibriados
Dithmenos
Elyvilon
Fedhas
Gozag
Hepliaklqana
Kikubaaqudgha
Nemelex Xobeh
Okawaru
Qazlal
Ru
Sif Muna
Trog
Vehumet
Wu Jian
Xom
Yredelemnul
Zin
The Shining One


Innate Abilities, Weirdness & Mutations

You reflexively headbutt those who attack you in melee.
You have a pair of horns on your head.


Message History

Something hits you. x2
Something hits you.
* * * LOW HITPOINT WARNING * * *
Something hits you but does no damage. Something hits you!
* * * LOW HITPOINT WARNING * * *
Something hits you but does no damage. Something hits you but does no damage.
You block something's attack.
You closely miss something. Something completely misses you.
You hit something but do no damage. Something hits you.
* * * LOW HITPOINT WARNING * * *
Something hits you but does no damage.
You miss something. Something hits you but does no damage.
You barely miss something. You headbutt something. Something hits you.
* * * LOW HITPOINT WARNING * * *
Something hits you.
* * * LOW HITPOINT WARNING * * *
You block something's attack.
You are confused.
You feel invigorated. Something hits you.
You die...

...#.#..<..#########
.....#####.........# #...#*
#########.# ##..,*** #.#
**,*,,,*** #.## *,,**,,.,*** #..#
..#**,,#..,** ##.###### ..#
**,.....#######......# ..#
****,#>....@.....##.########
..#** *,###########..?.........
..,,*****,*** ####.........
.#*,,,,,,,,,* ****###.......
.#*,,,,,,,,,********,,,....###.##
#**,,,,,,,,,,,,,,,,,,**##### #...
# *,,,,,,,,>,,******** ###. #
*,,,,,,,,,,,**** *.
*,,,,,,,,,,,,*,**** **


There were no monsters in sight!

Vanquished Creatures
  Pikel (D:7)
  A troll (D:8)
  2 hippogriffs (D:7)
  Grinder (D:3)
  Duvessa (D:7)
  2 slaves (D:7)
  An orc warrior (D:7)
  An ice beast (D:7)
  5 ogres
  2 centaurs
  A bullfrog (D:7)
  Dowan (D:7)
  2 scorpions
  3 killer bees (D:7)
  4 wights (D:6)
  5 howler monkeys
  7 crimson imps
  Crazy Yiuf (D:7)
  5 hounds
  A jelly (D:8)
  8 orc wizards
  3 orc priests
  An iguana (D:5)
  9 worker ants
  Ijyb (D:3)
  A hound zombie (D:6)
  A howler monkey zombie (D:7)
  7 gnolls
  15 adders
  A shadow imp (D:7)
  An ooze (D:2)
  An adder skeleton (D:4)
  3 worms
  2 dart slugs (D:2)
  4 leopard geckos
  37 orcs
  7 ball pythons
  2 giant cockroaches
  7 hobgoblins
  22 jackals
  3 quokkas
  10 bats
  4 frilled lizards
  10 goblins
  A jackal skeleton (D:5)
  11 kobolds
  A leopard gecko zombie (D:6)
  A quokka skeleton (D:5)
  A quokka zombie (D:5)
  4 rats
226 creatures vanquished.

Notes
Turn   | Place    | Note
-------+----------+-------------------------------------------
     0 | D:1      | poirepourri the Minotaur Fighter began the quest for the
                  | Orb.
     0 | D:1      | Reached XP level 1. HP: 19/19 MP: 0/0
   171 | D:1      | Reached skill level 3 in Axes
   281 | D:1      | Reached XP level 2. HP: 25/26 MP: 1/1
   842 | D:2      | Reached skill level 4 in Axes
   852 | D:2      | Found a shimmering altar of Xom.
   867 | D:2      | Reached XP level 3. HP: 23/31 MP: 2/2
  1038 | D:2      | Found a shattered altar of Ashenzari.
  1079 | D:2      | Reached skill level 5 in Axes
  1087 | D:2      | Found a stormy altar of Qazlal.
  1088 | D:2      | Found an opulent altar of Gozag.
  1376 | D:2      | Found a hazy altar of Hepliaklqana.
  1429 | D:3      | Found a shadowy altar of Dithmenos.
  1433 | D:3      | Reached XP level 4. HP: 35/39 MP: 3/3
  1579 | D:3      | Noticed Ijyb
  1590 | D:3      | Killed Ijyb
  1752 | D:3      | Reached skill level 6 in Axes
  2100 | D:3      | Reached XP level 5. HP: 39/45 MP: 4/4
  2291 | D:3      | Noticed Grinder
  2300 | D:3      | Killed Grinder
  2300 | D:3      | Reached skill level 8 in Axes
  2300 | D:3      | Reached XP level 6. HP: 23/51 MP: 5/5
  2687 | D:4      | Found an iron altar of Okawaru.
  2708 | D:4      | Became a worshipper of Warmaster Okawaru
  2799 | D:4      | Found a staircase to the Ecumenical Temple.
  2812 | D:4      | Reached skill level 9 in Axes
  2812 | D:4      | Reached XP level 7. HP: 32/57 MP: 6/6
  2820 | Temple   | Entered the Ecumenical Temple
  3611 | D:5      | Entered Level 5 of the Dungeon
  3616 | D:5      | Reached skill level 10 in Axes
  3803 | D:5      | Reached * piety under Okawaru
  3949 | D:5      | Found a bloodstained altar of Trog.
  3986 | D:5      | Reached skill level 11 in Axes
  4502 | D:6      | Reached XP level 8. HP: 64/64 MP: 7/7
  4686 | D:6      | Reached skill level 12 in Axes
  4881 | D:6      | Found a deep blue altar of Sif Muna.
  4921 | D:6      | Reached ** piety under Okawaru
  5014 | D:7      | Noticed Pikel
  5030 | D:7      | Killed Pikel
  5030 | D:7      | Reached skill level 13 in Axes
  5030 | D:7      | Reached XP level 9. HP: 29/70 MP: 8/8
  5033 | D:7      | Reached *** piety under Okawaru
  5333 | D:7      | Reached skill level 14 in Axes
  5438 | D:7      | Noticed Duvessa
  5442 | D:7      | Noticed Dowan
  5718 | D:7      | Killed Duvessa
  5752 | D:7      | Killed Dowan
  5859 | D:7      | Reached **** piety under Okawaru
  5862 | D:7      | Reached skill level 15 in Axes
  6109 | D:7      | Found a runed translucent door.
  6110 | D:7      | Noticed Crazy Yiuf
  6718 | D:7      | Killed Crazy Yiuf
  6980 | D:8      | Found a sacrificial altar of Ru.
  7121 | D:8      | Reached skill level 16 in Axes
  7410 | D:8      | Received a gift from Okawaru
  7445 | D:8      | Noticed a troll
  7454 | D:8      | Killed a troll
  7454 | D:8      | Reached XP level 10. HP: 46/80 MP: 9/9
  7499 | D:8      | Reached skill level 5 in Fighting
  8013 | D:9      | HP: 1/81 [something (5)]
  8014 | D:9      | Slain by an unseen horror

Skill      XL: |  1  2  3  4  5  6  7  8  9 10 |
---------------+-------------------------------+-----
Axes           | 3 4 5 6 8 9 11 13 16 | 16.0
Fighting       | 4 5 |  5.4
Armour         | |  3.6
Shields        | |  3.6

Action                   |  1- 3 |  4- 6 |  7- 9 | 10-12 || total
-------------------------+-------+-------+-------+-------++-------
Melee: War axe           |    87 |   141 |   348 |    40 ||   616
       Headbutt          |    11 |    19 |    69 |    10 ||   109
  Use: Scroll            |     6 |     3 |    12 |     5 ||    26
       Potion            |       |     1 |     9 |     4 ||    14
 Stab: Paralysed         |       |       |     1 |       ||     1
  Eat: Ration            |     1 |     1 |     4 |     1 ||     7
       Chunk             |       |     1 |       |       ||     1
Armor: Scale mail        |    40 |    55 |   101 |    50 ||   246
Dodge: Dodged            |    39 |    41 |    69 |     7 ||   156
Block: Shield            |    59 |    60 |   106 |    19 ||   244
